 Dungeon Crawl Stone Soup version 0.28.0-43-g3370ac3207 (webtiles) character file.

Game seed: 2984632540276536165

8871 protoss039 the Thaumaturge (level 11, -4/90 HPs)
             Began as a Deep Elf Earth Elementalist on Mar 15, 2022.
             Was a Believer of Sif Muna.
             Killed by vampiric draining
             ... invoked by a vampire
              (15 damage)
             ... on level 10 of the Dungeon.
             The game lasted 00:24:48 (10686 turns).

protoss039 the Thaumaturge (DEEE)                  Turns: 10686, Time: 00:24:48

Health: -4/90      AC: 25    Str:  5    XL:     11   Next: 15%
Magic:  1/30       EV:  2    Int: 25    God:    Sif Muna [**....]
Gold:   572        SH:  0    Dex: 15    Spells: 18/36 levels left

rFire   + + .      SeeInvis .   I - +4 dagger "Zamodd" {vorpal, rF++}
rCold   . . .      Faith    .   (no shield)
rNeg    . . .      Spirit   .   (armour currently unavailable)
rPois   +          Reflect  .   (helmet currently unavailable)
rElec   .          Harm     .   (cloak currently unavailable)
rCorr   .          Rampage  .   (gloves currently unavailable)
Will    +....      NoTele   +   (boots currently unavailable)
Stlth   ++........              B - amulet of the acrobat
HPRegen 0.25/turn               g - ring of wizardry
MPRegen 0.22/turn               (no ring)

@: sluggish, tree-form, invisible, very slow
A: stationary, stasis, torment immunity, boosted hp
a: Renounce Religion, Channel Magic


You were on level 10 of the Dungeon.
You worshipped Sif Muna.
Sif Muna was pleased with you.
You were a tree.
You visited 2 branches of the dungeon, and saw 11 of its levels.

You collected 572 gold pieces.

Inventory:

Hand Weapons
 z - a +4 scimitar of flaming
 G - the +10 hand axe of Opigh {pain, rElec}
   (You found it on level 9 of the Dungeon)

   In the hands of one skilled in necromantic magic, it inflicts extra damage on
   living creatures.
   rElec:     It insulates you from electricity.
 I - the +4 dagger "Zamodd" (weapon) {vorpal, rF++}
   (You found it on level 9 of the Dungeon)

   It inflicts extra damage upon your enemies.
   rF:        It greatly protects you from fire.
Missiles
 c - 288 stones
 t - a throwing net
Armour
 h - a +0 pair of boots (melded)
 x - +0 steam dragon scales (melded)
 A - a +1 robe of fire resistance
 F - the +2 cloak of the Thief (melded) {*Fog Slay-2 SInv Stlth+}
   (You found it on level 9 of the Dungeon)

   It may release a thick cloud of smoke when the wearer is hurt.
   Slay:      It affects your accuracy & damage with ranged weapons and melee
   (-2).
   SInv:      It lets you see invisible.
   Stlth:     It makes you more stealthy.
Jewellery
 g - a ring of wizardry (left branch)
 l - a ring of fire
 B - an amulet of the acrobat (around neck)
Wands
 e - a wand of paralysis (10)
 o - a wand of digging (5)
Scrolls
 d - 2 scrolls of identify
 i - 2 scrolls of teleportation
 k - a scroll of holy word
 n - 2 scrolls of fog
 p - a scroll of immolation {unknown}
 u - a scroll of magic mapping
 w - a scroll of amnesia
 y - a scroll of fear
 E - 2 scrolls of enchant armour
 H - a scroll of summoning
Potions
 a - 2 potions of resistance
 b - a potion of curing
 f - 2 potions of cancellation
 j - 2 potions of might
 m - a potion of heal wounds
 q - a potion of flight
 v - a potion of haste
 C - a potion of invisibility


   Skills:
 - Level 3.0 Fighting
 - Level 3.0 Dodging
 - Level 3.0 Stealth
 + Level 13.1 Spellcasting
 + Level 7.0 Conjurations
 - Level 2.0 Transmutations
 - Level 4.0 Air Magic
 + Level 11.1 Earth Magic
 * Level 6.0 Invocations


You had 18 spell levels left.
You knew the following spells:

 Your Spells              Type           Power      Damage    Failure   Level
a - Sandblast             Erth           100%       2d20      1%          1
b - Passwall              Tmut/Erth      40%        N/A       1%          2
c - Stone Arrow           Conj/Erth      100%       3d13      1%          3
d - Petrify               Tmut/Erth      49%        N/A       1%          4
e - Apportation           Tloc           32%        N/A       1%          1
f - Swiftness             Air            36%        N/A       1%          3
g - Airstrike             Air            18%        N/A       2%          4

Your spell library contained the following spells:

 Spells                   Type           Power      Damage    Failure   Level
 Animate Skeleton         Necr           32%        N/A       1%          1
 Shock                    Conj/Air       100%       1d9       1%          1
 Summon Small Mammal      Summ           64%        N/A       1%          1
 Blink                    Tloc           32%        N/A       2%          2
 Ensorcelled Hibernation  Hex/Ice        32%        N/A       2%          2
 Inner Flame              Hex/Fire       16%        N/A       4%          3
 Cause Fear               Hex            8%         N/A       14%         4
 Manifold Assault         Tloc           16%        N/A       36%         5
 Storm Form               Tmut/Air       15%        N/A       96%         7
 Discord                  Hex            8%         N/A       100%        8


Dungeon Overview and Level Annotations

Branches:
Dungeon (10/15)            Temple (1/1) D:6             Orc (0/2) D:10
   Lair: D:8-11

Altars:
Ashenzari
Cheibriados
Dithmenos
Elyvilon
Fedhas
Gozag
Hepliaklqana
Kikubaaqudgha
Makhleb
Nemelex Xobeh
Okawaru
Qazlal
Ru
Sif Muna
Trog
Uskayaw
Vehumet
Wu Jian
Xom
Yredelemnul
Zin
The Shining One

Annotations:
D:6 exclusion: hornet


Message History

You hit the vampire but do no damage.
The vampire is almost destroyed.
The vampire draws life force from you!
The vampire is healed by the life force!
You hit the vampire.
The vampire is almost destroyed.
The vampire hits you.
The vampire bites you but does no damage.
You hit the vampire but do no damage.
The vampire is almost destroyed.
The vampire gestures wildly while chanting.
The vampire flickers and vanishes!
Deactivating autopickup; reactivate with Ctrl-A.
Casting: Sandblast (safe; 1% risk of failure)
Confirm with . or Enter, or press ? or * to list all spells.
Aiming: Sandblast (safe; 1% risk of failure)
Press: ? - help, Shift-Dir - straight line The blast of sand hits something.
Something draws life force from you!
Unknown command.
Casting: Sandblast (safe; 1% risk of failure)
Confirm with . or Enter, or press ? or * to list all spells.
Aiming: Sandblast (safe; 1% risk of failure)
Press: ? - help, Shift-Dir - straight line The blast of sand hits something but does no damage.
Something draws life force from you!
* * * LOW HITPOINT WARNING * * *
Unknown command.
Casting: Sandblast (safe; 1% risk of failure)
Confirm with . or Enter, or press ? or * to list all spells.
Aiming: Sandblast (safe; 1% risk of failure)
Press: ? - help, Shift-Dir - straight line The blast of sand hits something!
Something draws life force from you!
* * * LOW HITPOINT WARNING * * *
Unknown command.
You feel better. Something hits you!
* * * LOW HITPOINT WARNING * * *
Something bites you but does no damage.
Unknown command.
You fade into invisibility!
You die...

........<..
..>....
########...
.$..... #.....
....... #.....
W...... #..... .
..8.... ######
.#######Z)...#
##################
.......#...#
#.............##..
.....§§Z..#
#♣####........##..
.....§§#### #{#
#).......##..
....§WZ# #.#
#........####
....§§§# #.#
#........#
..§§§§§#
#.####........####
..§§§Z§#
#...V.........#...
.......###
#####.........#.##
.........#
#.........#.#
.......#.#
#.........#.#


There were no monsters in sight!

Vanquished Creatures
  Erica (D:8)
  3 two-headed ogres
  Pikel (D:8)
  An ugly thing (D:10)
  A kobold demonologist (D:9)
  Sigmund (D:6)
  6 yaks
  2 wyverns
  3 steam dragons
  Menkaure (D:5)
  Edmund (D:6)
  2 orc warriors
  3 ogres
  A hornet zombie (D:8)
  A necrophage (D:6)
  3 centaurs
  A lemure (D:8)
  3 phantoms
  4 kobold brigands
  A bullfrog (D:7)
  A gnoll sergeant (D:7)
  2 scorpions (D:6)
  A wyvern skeleton (D:6)
  8 killer bees (D:9)
  6 wights
  6 howler monkeys
  3 centaur zombies
  2 jellies
  A gnoll shaman (D:7)
  A bullfrog skeleton (D:4)
  A hound (D:6)
  2 orc priests
  2 centaur skeletons (D:7)
  Ijyb (D:5)
  4 orc wizards (D:8)
  A scorpion zombie (D:5)
  A hound zombie (D:5)
  A howler monkey zombie (D:6)
  5 adders
  7 gnolls
  2 ufetubi
  2 dart slugs
  25 orcs
  4 ball pythons
  4 bats
  A giant cockroach (D:4)
  5 goblins
  6 hobgoblins
  3 jackals (D:2)
  2 quokkas (D:1)
  2 frilled lizards
  A hobgoblin zombie (D:10)
  14 kobolds
  An orc zombie (D:10)
  5 rats
173 creatures vanquished.

Notes
Turn   | Place    | Note
-------+----------+-------------------------------------------
     0 | D:1      | protoss039 the Deep Elf Earth Elementalist began the quest
                  | for the Orb.
     0 | D:1      | Reached XP level 1. HP: 10/10 MP: 6/6
   772 | D:2      | Reached XP level 2. HP: 15/15 MP: 8/8
  1312 | D:2      | Reached XP level 3. HP: 19/19 MP: 5/9
  1474 | D:2      | Reached XP level 4. HP: 24/24 MP: 6/11
  1694 | D:2      | Learned a level 2 spell: Passwall
  1698 | D:2      | Learned a level 3 spell: Stone Arrow
  1729 | D:3      | Reached skill level 4 in Spellcasting
  1729 | D:3      | Reached skill level 5 in Earth Magic
  1847 | D:3      | Reached XP level 5. HP: 28/28 MP: 11/13
  1933 | D:3      | Learned a level 4 spell: Petrify
  1944 | D:3      | Found a glowing golden altar of the Shining One.
  2001 | D:3      | Found a burning altar of Makhleb.
  2196 | D:3      | Found a faded altar of an unknown god.
  2294 | D:3      | Found a hide-covered altar of Uskayaw.
  2405 | D:4      | Found a snail-covered altar of Cheibriados.
  2460 | D:4      | Reached skill level 1 in Fighting
  2741 | D:4      | Found an ancient bone altar of Kikubaaqudgha.
  2961 | D:4      | Reached skill level 5 in Spellcasting
  3482 | D:4      | Learned a level 3 spell: Swiftness
  3483 | D:5      | Entered Level 5 of the Dungeon
  3534 | D:5      | Reached XP level 6. HP: 26/34 MP: 5/15
  3890 | D:5      | Reached skill level 1 in Air Magic
  3978 | D:5      | Noticed Menkaure
  3995 | D:5      | Killed Menkaure
  3996 | D:5      | Reached skill level 6 in Spellcasting
  3996 | D:5      | Reached skill level 1 in Conjurations
  3996 | D:5      | Reached XP level 7. HP: 16/39 MP: 0/18
  4000 | D:5      | Noticed Ijyb
  4004 | D:5      | Killed Ijyb
  4592 | D:5      | Learned a level 4 spell: Airstrike
  4637 | D:6      | Noticed Edmund
  4645 | D:6      | Killed Edmund
  4821 | D:6      | Reached skill level 7 in Spellcasting
  4983 | D:6      | Noticed a hornet
  5147 | D:6      | Noticed Sigmund
  5153 | D:6      | Killed Sigmund
  5154 | D:6      | Reached XP level 8. HP: 44/44 MP: 13/21
  5281 | D:6      | Found a staircase to the Ecumenical Temple.
  5342 | Temple   | Entered the Ecumenical Temple
  5648 | Temple   | Became a worshipper of Sif Muna the Loreminder
  5704 | D:6      | Reached skill level 8 in Spellcasting
  6327 | D:7      | Reached skill level 9 in Spellcasting
  6549 | D:7      | Found a stormy altar of Qazlal.
  6556 | D:7      | Found a blossoming altar of Fedhas.
  6681 | D:7      | Reached XP level 9. HP: 48/48 MP: 17/24
  7104 | D:8      | Reached skill level 1 in Invocations
  7241 | D:8      | Reached skill level 10 in Spellcasting
  7412 | D:8      | Noticed Pikel
  7470 | D:8      | Killed Pikel
  7891 | D:8      | Identified the +3 mace "Suask" {venom, Str+7}
  8232 | D:8      | Noticed Erica
  8237 | D:8      | Killed Erica
  8238 | D:8      | Reached skill level 5 in Conjurations
  8380 | D:8      | Learned a level 1 spell: Apportation
  8524 | D:9      | Reached XP level 10. HP: 56/56 MP: 19/26
  8524 | D:9      | Reached * piety under Sif Muna
  8525 | D:9      | Reached skill level 11 in Spellcasting
  8681 | D:9      | Found the +2 cloak of the Thief {*Fog Slay-2 SInv Stlth+}
  8796 | D:9      | Identified the +10 hand axe of Opigh {pain, rElec}
  8987 | D:9      | Found a white marble altar of Elyvilon.
  9026 | D:9      | Noticed a two-headed ogre
  9030 | D:9      | Killed a two-headed ogre
  9031 | D:9      | Reached skill level 10 in Earth Magic
  9036 | D:9      | Noticed a two-headed ogre
  9039 | D:9      | Killed a two-headed ogre
  9239 | D:9      | Noticed a rust devil
  9252 | D:9      | Reached skill level 12 in Spellcasting
  9432 | D:9      | Reached skill level 5 in Invocations
  9843 | D:9      | Identified the +4 dagger "Zamodd" {vorpal, rF++}
  9935 | D:10     | Entered Level 10 of the Dungeon
  9949 | D:10     | Noticed a two-headed ogre
  9960 | D:10     | Killed a two-headed ogre
 10038 | D:10     | Reached XP level 11. HP: 60/60 MP: 17/29
 10301 | D:10     | Noticed a cyan ugly thing
 10320 | D:10     | Killed a cyan ugly thing
 10321 | D:10     | Reached skill level 13 in Spellcasting
 10438 | D:10     | Found an opulent altar of Gozag.
 10622 | D:10     | Found a staircase to the Orcish Mines.
 10623 | D:10     | Reached ** piety under Sif Muna
 10686 | D:10     | Killed from afar by a vampire

Illustrated notes

Levels and vault maps discovered:
D:1:      dpeg_arrival_signposts, layout_rooms, hangedman_decor_diamond_cutter
D:2:      layout_basic
D:3:      layout_rooms, mainiacjoe_overflow_catwalk,
          mainiacjoe_overflow_large_starburst, chequers_ecumenical_altar_lobes
D:4:      layout_basic, mainiacjoe_overflow_boulevard, kiku_gazebo_garden_becter
D:5:      layout_loops_ring, uniq_menkaure, uniq_ijyb
D:6:      layout_basic, temple_doors_cd, uniq_sigmund, uniq_edmund
D:7:      kennysheep_six_static_rooms, layout_loops_ring,
          grunt_temple_overflow_forces_of_nature
D:8:      layout_loops_ring, kennysheep_path_1, uniq_pikel, uniq_erica
D:9:      layout_roguey, elyvilon_altar_1, eino_jars
D:10:     layout_basic, nicolae_gozag_cash_rules_everything_around_me,
          zombieorc2_lemuel, hangedman_decor_push
Temple:   oiseaux_autumnal_temple

Skill      XL: |  1  2  3  4  5  6  7  8  9 10 11 |
---------------+----------------------------------+-----
Earth Magic    | 4 5 6 7 8 9 10 11 | 11.1
Dodging        | 3 |  3.0
Stealth        | 3 |  3.0
Spellcasting   | 4 5 6 7 9 10 12 13 | 13.1
Fighting       | 1 2 3 |  3.0
Transmutations | 2 |  2.0
Air Magic      | 1 2 3 4 |  4.0
Conjurations   | 1 2 3 5 6 7 |  7.0
Invocations    | 3 5 6 |  6.0

Action                   |  1- 3 |  4- 6 |  7- 9 | 10-12 || total
-------------------------+-------+-------+-------+-------++-------
Melee: Short sword       |    53 |    58 |       |       ||   111
       Unarmed           |     1 |       |       |       ||     1
       Dagger            |       |     1 |     6 |     5 ||    12
       Mace              |       |       |     7 |       ||     7
       Punch             |       |       |     1 |       ||     1
 Cast: Sandblast         |    19 |    31 |    26 |    32 ||   108
       Stone Arrow       |       |    26 |    88 |    73 ||   187
       Swiftness         |       |       |       |     4 ||     4
  Use: Scroll            |       |     9 |     8 |     4 ||    21
       Potion            |       |       |     1 |     4 ||     5
 Stab: Sleeping          |     2 |     5 |       |       ||     7
Armor: Robe              |    15 |     8 |     2 |       ||    25
       Skin              |       |       |     7 |    13 ||    20
       Steam dragon scal |       |       |    13 |     9 ||    22
Dodge: Dodged            |    46 |    49 |    29 |    28 ||   152
